 Dungeon Crawl Stone Soup version 0.18.1-48-g4cf74bf (webtiles) character file.

260 Dickchan the Sneak (level 6, -2/49 HPs)
             Began as a Naga Enchanter on July 23, 2016.
             Slain by Grinder (3 damage)
             ... while paralysed by Grinder
             ... on level 3 of the Dungeon.
             The game lasted 00:11:00 (3668 turns).

Dickchan the Sneak (Naga Enchanter)                 Turns: 3668, Time: 00:11:01

Health: -2/49      AC:  4    Str: 15    XL:     6   Next: 17%
Magic:  9/9        EV:  1    Int: 17    God:
Gold:   129        SH:  0    Dex: 12    Spells: 2 memorised, 6 levels left

rFire  . . .     SeeInvis +     y - +0 whip (freeze)
rCold  . . .     Gourm    .     b - +1 robe
rNeg   . . .     Faith    .     (no shield)
rPois  +         Spirit   .     (no helmet)
rElec  .         Dismiss  .     (no cloak)
rCorr  .         Reflect  +     (no gloves)
SustAt .         Harm     .     (no barding)
MR     .....                    q - +2 amulet of reflection
Stlth  ++++......               (no ring)
                                (no ring)

@: paralysed, mighty, very slow, not resistant to hostile enchantments, stealthy
A: see invisible, deformed body, poison resistance, slowness 2, slow metabolism
1, spit poison 2, AC +2
a: Spit Poison


You were on level 3 of the Dungeon.
You were not hungry.

You visited 1 branch of the dungeon, and saw 3 of its levels.

You collected 129 gold pieces.

Inventory:

Hand Weapons
 a - a +1 dagger
 w - a +0 dagger of draining
 y - a +0 whip of freezing (weapon)
Missiles
 s - 81 stones (quivered)
Armour
 b - a +1 robe (worn)
Jewellery
 q - a +2 amulet of reflection (around neck)
Wands
 u - a wand of iceblast (9/15)
Scrolls
 e - a scroll of noise {unknown}
 f - a scroll of random uselessness {unknown}
 h - a scroll of enchant weapon {unknown}
 i - a scroll of enchant armour {unknown}
 k - a scroll of remove curse {unknown}
 m - 4 scrolls of identify {unknown}
 o - 2 scrolls of teleportation {unknown}
 v - 2 scrolls of recharging {unknown}
Potions
 j - 3 potions of might
 l - 2 potions of berserk rage {unknown}
 n - a potion of mutation {unknown}
 r - a potion of degeneration {unknown}
 t - a potion of brilliance {unknown}
 x - 3 potions of heal wounds {unknown}
 z - 3 potions of curing {unknown}
Books
 c - a book of Maledictions

   Spells                             Type                      Level
   a - Corona                         Hexes                        1
   b - Ensorcelled Hibernation        Hexes/Ice                    2
   c - Confuse                        Hexes                        3
   d - Tukima's Dance                 Hexes                        3
   e - Dazzling Spray                 Conjuration/Hexes            3
Comestibles
 d - 3 bread rations
 g - a meat ration
 p - a beef jerky


   Skills:
 - Level 1.0 Short Blades
 - Level 1.5 Dodging
 + Level 7.9 Stealth
 - Level 2.0 Spellcasting
 + Level 5.2 Hexes


You had 6 spell levels left.
You knew the following spells:

 Your Spells              Type           Power        Failure   Level  Hunger
a - Corona                Hex            ###....      2%          1    #......
b - Ensorcelled Hibernat  Hex/Ice        ##....       12%         2    ###....


Dungeon Overview and Level Annotations

Branches:
Dungeon (3/15)

Altars:
Makhleb
Ru

Annotations:
D:3 1 exclusion, Grinder


Innate Abilities, Weirdness & Mutations

You cannot wear boots.
Your serpentine skin is tough (AC +2).
You have supernaturally acute eyesight.
Armour fits poorly on your strangely shaped body.
Your system is resistant to poisons.
You cover ground very slowly.
You have a slow metabolism.
You can spit poison.


Message History

Grinder is moderately wounded.
Grinder gestures at you. Pain shoots through your body!
You closely miss Grinder.
Grinder is moderately wounded.
Grinder hits you.
You writhe in agony.
* * * LOW HITPOINT WARNING * * *
You hit Grinder.
Grinder is heavily wounded.
Grinder gestures at you.
You suddenly lose the ability to move!
Grinder grins, showing sharp teeth.
Grinder gestures at you.
You shrug off the repeated paralysis!
Grinder barely misses you. Grinder says, "Are you a fish?" Grinder hits you!
* * * LOW HITPOINT WARNING * * *
You writhe in agony.
You die...

.......... ......... ....:...
#...[... ....... ##.......
....... ......... ........#
#...... #..##...# ##.<...
#r.......#####....
#5#............... ######@#.#
#....[......
##........###...........
#..........##...........
#.#........##...........
#########.#....................#
#..........>........#....###....
#..................#..#.........
#..........#.##.#.##.###.##.....
#######......##.................


You could see Grinder and a quokka.

Vanquished Creatures
  A hound (D:2)
  2 orc wizards
  2 orc priests
  Robin (D:2)
  An adder (D:2)
  4 worms
  A dart slug (D:3)
  2 giant geckos (D:1)
  6 orcs
  A ball python (D:2)
  3 bats
  A giant cockroach (D:2)
  15 goblins
  11 hobgoblins
  2 quokkas
  3 giant newts (D:3)
  10 kobolds
  6 rats
72 creatures vanquished.

Notes
Turn   | Place    | Note
--------------------------------------------------------------
     0 | D:1      | Dickchan the Naga Enchanter began the quest for the Orb.
     0 | D:1      | Reached XP level 1. HP: 15/15 MP: 3/3
   487 | D:1      | Reached XP level 2. HP: 14/22 MP: 5/5
   601 | D:1      | Learned a level 2 spell: Ensorcelled Hibernation
   644 | D:1      | Reached skill level 5 in Stealth
  1303 | D:1      | Reached XP level 3. HP: 8/28 MP: 6/6
  1635 | D:2      | Found a sacrificial altar of Ru.
  1950 | D:2      | Reached skill level 6 in Stealth
  2028 | D:2      | Noticed Robin
  2037 | D:2      | Killed Robin
  2037 | D:2      | Reached XP level 4. HP: 36/36 MP: 4/7
  2163 | D:2      | Found a burning altar of Makhleb.
  2534 | D:2      | Reached XP level 5. HP: 19/42 MP: 5/8
  2702 | D:2      | Reached skill level 7 in Stealth
  3134 | D:2      | Reached skill level 5 in Hexes
  3356 | D:3      | Reached XP level 6. HP: 49/49 MP: 4/9
  3654 | D:3      | Noticed Grinder
  3665 | D:3      | Paralysed by Grinder for 4 turns
  3668 | D:3      | HP: 1/49 [Grinder (11)]
  3668 | D:3      | Slain by Grinder

Skill      XL: |  1  2  3  4  5 |
---------------+----------------+-----
Stealth        | 5 6 7 |  7.9
Hexes          | 4 5 |  5.2
Short Blades   | |  1.0
Dodging        | |  1.5
Spellcasting   | |  2.0

Action                   |  1- 3 |  4- 6 || total
-------------------------+-------+-------++-------
Melee: Dagger            |    94 |    80 ||   174
       Whip              |       |     6 ||     6
 Cast: Ensorcelled Hiber |    11 |    26 ||    37
 Abil: Spit Poison       |     3 |     7 ||    10
  Use: Potion            |       |     1 ||     1
 Stab: Sleeping          |    15 |    18 ||    33
  Eat: Chunk             |     3 |     7 ||    10
Armor: Robe              |    25 |    13 ||    38
Dodge: Dodged            |    59 |    45 ||   104
Block: Other             |     1 |     9 ||    10
       Reflection        |       |     1 ||     1
